 Dungeon Crawl Stone Soup version 0.29.0-10-g45618ea6d2 (webtiles) character file.

Game seed: 12875914004565233048

41 SensoryNuts the Shield-Bearer (level 3, -2/23 HPs)
             Began as a Gargoyle Fighter on Sept 2, 2022.
             Killed by divine providence
             ... invoked by an orc priest
              (9 damage)
             ... on level 3 of the Dungeon.
             The game lasted 00:02:04 (1513 turns).

SensoryNuts the Shield-Bearer (Gargoyle Fighter)    Turns: 1513, Time: 00:02:05

Health: -2/23      AC: 11    Str: 21    XL:     3   Next: 52%
Magic:  3/3        EV:  9    Int:  8    God:
Gold:   60         SH:  4    Dex:  9    Spells: 2/2 levels left

rFire   . . .      SeeInvis .   a - +0 war axe
rCold   . . .      Faith    .   c - +0 buckler
rNeg    + . .      Spirit   .   b - +0 scale mail
rPois   ∞          Reflect  .   (no helmet)
rElec   +          Harm     .   (no cloak)
rCorr   .          Rampage  .   (no gloves)
Will    .....                   h - +0 pair of boots
Stlth   ..........              (no amulet)
HPRegen 0.07/turn               (no ring)
MPRegen 0.08/turn               (no ring)

@: no status effects
A: sickness immunity, AC +3, negative energy resistance 1, electricity
resistance, torment resistance 1, petrification resistance
a: no special abilities


You were on level 3 of the Dungeon.
You visited 1 branch of the dungeon, and saw 3 of its levels.

You collected 60 gold pieces.

Inventory:

Hand Weapons
 a - a +0 war axe (weapon)
Armour
 b - a +0 scale mail (worn)
 c - a +0 buckler (worn)
 h - a +0 pair of boots (worn)
Jewellery
 l - an amulet of magic regeneration
Scrolls
 f - 2 scrolls of identify {unknown}
 g - 2 scrolls of noise {unknown}
 i - a scroll of torment {unknown}
 m - a scroll of silence {unknown}
 n - a scroll of vulnerability {unknown}
 o - a scroll of enchant armour {unknown}
Potions
 d - a potion of might
 e - 2 potions of curing {unknown}
 j - a potion of mutation {unknown}
 k - a potion of resistance {unknown}


   Skills:
 + Level 3.5 Fighting
 * Level 2.5 Axes
 + Level 3.6 Armour
 + Level 0.1 Dodging
 + Level 3.8 Shields


You had 2 spell levels left.
You didn't know any spells.
Your spell library contained the following spells:

 Spells                   Type           Power      Damage    Failure   Level
 Static Discharge         Conj/Air       0%         3-3/arc   93%         2
 Airstrike                Air            0%         2d(0-16)  100%        4
 Summon Lightning Spire   Summ/Air       0%         N/A       100%        4
 Lightning Bolt           Conj/Air       0%         1d11      100%        5
 Maxwell's Capacitive Co  Air            0%         ∞         100%        8


Dungeon Overview and Level Annotations

Branches:
Dungeon (3/15)

Altars:

Shops:
D:1 [


Innate Abilities, Weirdness & Mutations

You are immune to sickness and miasma.
Your stone body is resilient. (AC +3)
You are immune to poison.
You resist negative energy. (rN+)
You are resistant to electric shocks. (rElec)
You are resistant to unholy torment.
You are immune to petrification.


Message History

You closely miss the goblin. The goblin hits you but does no damage.
An orc comes into view. It is wielding a +0 dagger.
You miss the goblin.
An adder comes into view.
The goblin barely misses you.
An orc wizard comes into view. It is wielding a +4 dagger.
You slash the goblin!
You kill the goblin!
An orc priest comes into view. It is wielding a +0 dagger.
The orc wizard casts a spell at you.
The magic dart hits you but does no damage.
An orc comes into view. It is wielding a +0 club.
The orc priest shouts!
The orc shouts!
The orc hits you but does no damage.
You closely miss the orc. The adder bites you but does no damage.
The orc hits you but does no damage.
You barely miss the adder. You slash the orc!
You kill the orc!
The adder barely misses you.
The orc priest invokes the aid of Beogh against you.
Beogh smites you!
Ouch! That really hurt!
An orc comes into view. It is wielding a +0 hand axe.
A rat comes into view.
You block the adder's attack.
The orc priest looks braver for a moment.
The orc wizard hits you but does no damage.
Okay, then.
The orc wizard attacks as you move away!
The orc wizard completely misses you. The adder attacks as you move away!
The adder bites you but does no damage.
The orc wizard gestures at you while chanting.
The magic dart hits you but does no damage.
The adder closely misses you. You block the adder's attack.
There is a stone staircase leading up here.
The adder closely misses you.
The orc priest calls down the wrath of Beogh upon you.
Beogh smites you!
You die...

.... #.# ...#
#.# #[.# #.#
#..# ... # #
#..#.#.#.#.#
#..#.#.#.#.###
#..#...)......
#@S###.#.#
#..oo....#
##.###o###
...# #)#
...... ..#
#######..o.
#.... #..r..
#.....


You could see an orc priest, an orc wizard, an adder and an orc.

Vanquished Creatures
  A dart slug (D:1)
  6 orcs
  2 endoplasms (D:1)
  4 giant cockroaches (D:1)
  2 goblins
  A hobgoblin (D:1)
  4 kobolds
  A quokka (D:1)
  2 ball pythons (D:2)
  A bat (D:1)
  4 frilled lizards
  4 rats (D:1)
32 creatures vanquished.

Notes
Turn   | Place    | Note
-------+----------+-------------------------------------------
     0 | D:1      | SensoryNuts the Gargoyle Fighter began the quest for the
                  | Orb.
     0 | D:1      | Reached XP level 1. HP: 14/14 MP: 1/1
   114 | D:1      | Reached XP level 2. HP: 18/19 MP: 2/2
   501 | D:1      | Found Hucyh's Antique Armour Shop.
  1015 | D:2      | Reached XP level 3. HP: 23/23 MP: 3/3
  1513 | D:3      | Killed from afar by an orc priest

Illustrated notes

Levels and vault maps discovered:
D:1:      minmay_arrival_four_houses, layout_basic, serial_shops,
          nicolae_shop_behind_doors
D:2:      layout_basic, basic_altar
D:3:      layout_basic, hellmonk_ecumenical_altar_pennies_from_heaven

Skill      XL: |  1  2 |
---------------+-------+-----
Axes           | 2 |  2.5
Fighting       | |  3.5
Armour         | |  3.6
Dodging        | |  0.1
Shields        | |  3.8

Action                   || total
-------------------------++-------
Melee: War axe           ||   109
Armor: Scale mail        ||    59
Dodge: Dodged            ||    50
Block: Buckler           ||    23
